 Dungeon Crawl Stone Soup version 0.28-a0-529-g3bad584f25 (webtiles) character file.

Game seed: 16091242471288421994

2303 omnomnOMINOUS the Skirmisher (level 9, -6/63 HPs)
             Began as an Octopode Wanderer on Sept 24, 2021.
             Was an Elder of Zin.
             Shot with a bolt by an orc warrior (28 damage)
             ... in a bailey.
             The game lasted 00:22:08 (8529 turns).

omnomnOMINOUS the Skirmisher (Octopode Wanderer)    Turns: 8529, Time: 00:22:08

Health: -6/63      AC:  1    Str: 11    XL:     9   Next: 40%
Magic:  6/10       EV: 15    Int: 16    God:    Zin [****..]
Gold:   275        SH:  5    Dex: 13    Spells: 5/10 levels left

rFire   . . .      SeeInvis .   a - staff of air
rCold   . . .      Faith    +   u - +0 buckler
rNeg    . . .      Spirit   .   (helmet restricted)
rPois   .          Reflect  .   z - amulet of faith
rElec   +          Harm     .   (no ring)
rCorr   .          Rampage  .   (no ring)
Will    .....                   (no ring)
Stlth   +++.......              (no ring)
HPRegen 0.20/turn               (no ring)
MPRegen 0.12/turn               (no ring)
                                (no ring)
                                (no ring)

@: no status effects
A: almost no armour, amphibious, 8 rings, camouflage 1, gelatinous body 1,
nimble swimmer 1, tentacles
a: Renounce Religion, Recite, Vitalisation, Imprison, Donate Gold


You were in a bailey.
You worshipped Zin.
Zin was greatly pleased with you.
You visited 1 branch of the dungeon, and saw 7 of its levels.
You also visited: Sewer and Bailey.

You collected 305 gold pieces.
You donated 30 gold pieces to Zin.

Inventory:

Hand Weapons
 b - a +5 long sword of freezing
 c - a +1 dagger of venom
 g - a +0 hand axe of flaming
 o - a +0 whip of electrocution
 r - a +0 trident
 w - a +0 whip of freezing
 B - a +1 battleaxe of freezing
 C - a +2 quarterstaff
Missiles
 p - a curare-tipped dart (quivered)
 v - 3 silver javelins
Armour
 u - a +0 buckler (worn)
Magical Staves
 a - a staff of air (weapon)
Jewellery
 z - an amulet of faith (around mantle)
Wands
 x - a wand of mindburst (3)
 A - a wand of flame (19)
Scrolls
 d - a scroll of magic mapping
 e - a scroll of vulnerability {unknown}
 j - 2 scrolls of noise {unknown}
 k - 2 scrolls of identify {unknown}
 l - a scroll of enchant weapon {unknown}
 m - 2 scrolls of holy word {unknown}
 s - 2 scrolls of amnesia {unknown}
 t - a scroll of fear {unknown}
 y - 2 scrolls of teleportation
Potions
 f - 2 potions of lignification
 h - a potion of mutation {unknown}
 i - 5 potions of curing
 q - 3 potions of flight


   Skills:
 + Level 6.5 Fighting
 - Level 3.0 Staves
 - Level 1.0 Throwing
 + Level 6.1 Dodging
 - Level 4.0 Shields
 - Level 1.0 Spellcasting
 + Level 5.4 Conjurations
 + Level 5.4 Fire Magic
 + Level 0.3 Air Magic


You had 5 spell levels left.
You knew the following spells:

 Your Spells              Type           Power      Damage    Failure   Level
a - Foxfire               Conj/Fire      72%        2x1d7     2%          1
b - Shock                 Conj/Air       60%        1d6       7%          1
c - Swiftness             Air            3%         N/A       52%         3

Your spell library contained the following spells:

 Spells                   Type           Power      Damage    Failure   Level
 Conjure Flame            Conj/Fire      18%        6-21      8%          3
 Beastly Appendage        Tmut           0%         N/A       22%         1
 Inner Flame              Hex/Fire       9%         N/A       22%         3
 Flame Wave               Conj/Fire      18%        3d5       24%         4
 Ensorcelled Hibernation  Hex/Ice        0%         N/A       34%         2
 Sublimation of Blood     Necr           0%         N/A       34%         2
 Wereblood                Tmut           0%         N/A       34%         2
 Lesser Beckoning         Tloc           0%         N/A       56%         3
 Spider Form              Tmut/Pois      0%         N/A       56%         3
 Tukima's Dance           Hex            0%         N/A       56%         3
 Airstrike                Air            1%         N/A       89%         4
 Metabolic Englaciation   Hex/Ice        0%         N/A       99%         5
 Summon Forest            Summ/Tloc      0%         N/A       99%         5
 Summon Hydra             Summ           0%         N/A       100%        7


Dungeon Overview and Level Annotations

Branches:
Dungeon (7/15)             Temple (0/1) D:7           Sewer (visited)
 Bailey (1/1)

Altars:
Cheibriados
Kikubaaqudgha
Zin


Innate Abilities, Weirdness & Mutations

You cannot wear most types of armour.
You are amphibious.
You can wear up to eight rings at the same time.
Your skin changes colour to match your surroundings (Stealth+).
Your rubbery body absorbs attacks. (AC +1, EV +1)
You are camouflaged near water. (Stealth+)
You have tentacles for arms and can constrict up to eight enemies at once.


Message History

The orc warrior is heavily wounded.
The orc warrior shoots a bolt.
The bolt misses you.
Casting: Shock (safe; 7% risk of failure)
Confirm with . or Enter, or press ? or * to list all spells.
Aiming: Shock (safe; 7% risk of failure)
Press: ? - help, Shift-Dir - straight line, f/p - orc warrior
Aim: an orc warrior, wielding a +0 arbalest, wearing a +0 scale mail and quivering bolts (heavily wounded, 64% to hit)
You feel a surge of power!
The zap hits the orc warrior but does no damage.
The orc warrior is heavily wounded.
Your foxfire dissipates!
The orc warrior shoots a bolt.
You block the bolt.
Casting: Shock (safe; 7% risk of failure)
Confirm with . or Enter, or press ? or * to list all spells.
You conjure some foxfire!
The orc warrior shoots a bolt.
The bolt hits you!
Casting: Foxfire (safe; 2% risk of failure)
Confirm with . or Enter, or press ? or * to list all spells.
Aiming: Shock (safe; 7% risk of failure)
Press: ? - help, Shift-Dir - straight line, f/p - orc warrior
Aim: an orc warrior, wielding a +0 arbalest, wearing a +0 scale mail and quivering bolts (heavily wounded, ally target, 64% to hit)
You feel a surge of power!
You miscast Shock.
You are very lightly contaminated with residual magic.
Nothing appears to happen.
Unknown command.
The foxfire hits the orc warrior.
The orc warrior is severely wounded.
The orc warrior shoots a bolt.
The bolt hits you.
The orc warrior shoots a bolt.
The bolt hits you!!
Casting: Shock (safe; 7% risk of failure)
Confirm with . or Enter, or press ? or * to list all spells.
Aiming: Shock (safe; 7% risk of failure)
Press: ? - help, Shift-Dir - straight line, f/p - orc warrior
Aim: an orc warrior, wielding a +0 arbalest, wearing a +0 scale mail and quivering bolts (severely wounded, 64% to hit)
You feel a surge of power!
The zap hits the orc warrior but does no damage.
The orc warrior is severely wounded.
The orc warrior shoots a bolt.
The bolt hits you!
Your magical contamination has completely faded away.
The orc warrior shoots a bolt.
The bolt hits you!!
You die...

##..............#
##...............#
####...o≈≈≈≈≈.).....#
#......≈o#.#≈≈......#
.......≈#∩.##≈......#
.......≈..^.)≈......#
.......≈##.##≈......#
.......≈≈#.#≈≈......#
........≈≈≈@≈.......#
....................#
................)...#
....................#
....................#
..................∩.#
...................∩#
####################


You could see 2 orc warriors.

Vanquished Creatures
  Pikel (D:5)
  A black bear (D:4)
  A sky beast (D:6)
  An orc warrior (Bailey)
  A necrophage (D:4)
  3 ogres
  3 lemures (D:5)
  A kobold brigand (Sewer)
  5 bullfrogs
  6 wights
  A howler monkey (D:4)
  A centaur zombie (D:7)
  2 bullfrog zombies (D:6)
  2 hounds
  An iron imp (D:3)
  4 iguanas
  An orc wizard (D:5)
  A killer bee zombie (D:7)
  6 adders
  A howler monkey skeleton (D:5)
  2 river rats (D:4)
  A white imp (D:6)
  An adder skeleton (D:4)
  A worm (D:4)
  15 orcs
  8 endoplasms
  8 giant cockroaches
  2 goblins
  8 hobgoblins
  6 jackals
  11 kobolds
  7 quokkas
  11 ball pythons
  3 bats
  5 frilled lizards
  8 rats
140 creatures vanquished.

Vanquished Creatures (others)
  139 foxfires
  2 fungi (D:1)
  13 plants (D:3)
  3 withered plants (D:5)
157 creatures vanquished.

Grand Total: 297 creatures vanquished

Notes
Turn   | Place    | Note
-------+----------+-------------------------------------------
     0 | D:1      | omnomnOMINOUS the Octopode Wanderer began the quest for the
                  | Orb.
     0 | D:1      | omnomnOMINOUS set off with the following items: a +2
                  | quarterstaff, a potion of lignification, a scroll of
                  | teleportation
     0 | D:1      | Reached XP level 1. HP: 16/16 MP: 1/1
   181 | D:1      | Reached XP level 2. HP: 18/21 MP: 2/2
   582 | D:1      | Reached skill level 1 in Spellcasting
   611 | D:1      | Found a faded altar of an unknown god.
   628 | D:1      | Became a worshipper of Zin the Law-Giver
   628 | D:1      | Reached * piety under Zin
   711 | D:1      | Learned a level 1 spell: Foxfire
   789 | D:1      | Reached XP level 3. HP: 13/26 MP: 4/4
  1466 | D:2      | Reached skill level 1 in Conjurations
  1466 | D:2      | Reached skill level 1 in Fire Magic
  1471 | D:1      | HP: 1/26 [poisoned by an adder]
  1799 | D:2      | Reached XP level 4. HP: 31/31 MP: 5/5
  2051 | D:2      | Got the Disquisition on Warped Curses
  2185 | D:3      | Reached ** piety under Zin
  2499 | D:3      | Found a snail-covered altar of Cheibriados.
  2745 | D:3      | Reached XP level 5. HP: 34/37 MP: 2/6
  3210 | D:4      | Found a glowing drain.
  3255 | Sewer    | Entered a sewer
  3413 | Sewer    | Noticed a kobold brigand
  3422 | Sewer    | Killed a kobold brigand
  3423 | Sewer    | Reached XP level 6. HP: 32/43 MP: 7/7
  3512 | Sewer    | Found a glowing silver altar of Zin.
  3631 | D:4      | Noticed a necrophage
  3658 | D:4      | Killed a necrophage
  3825 | D:4      | Noticed a black bear
  3917 | D:4      | Reached XP level 7. HP: 48/49 MP: 8/8
  4314 | D:4      | Reached *** piety under Zin
  4371 | D:5      | Entered Level 5 of the Dungeon
  4470 | D:5      | Found an ancient bone altar of Kikubaaqudgha.
  4598 | D:5      | Noticed Pikel
  4913 | D:4      | Reached skill level 5 in Fighting
  5812 | D:5      | Killed Pikel
  5813 | D:5      | Reached skill level 5 in Dodging
  5813 | D:5      | Reached XP level 8. HP: 57/57 MP: 9/9
  6575 | D:6      | Reached XP level 9. HP: 59/62 MP: 6/10
  6586 | D:6      | Reached skill level 5 in Conjurations
  6586 | D:6      | Reached skill level 5 in Fire Magic
  6756 | D:6      | Reached **** piety under Zin
  7739 | D:7      | Noticed a troll
  7988 | D:7      | Found a flagged portal.
  8005 | Bailey   | Entered a bailey
  8019 | Bailey   | Learned a level 1 spell: Shock
  8023 | Bailey   | Learned a level 3 spell: Swiftness
  8529 | Bailey   | Shot with a bolt by an orc warrior

Illustrated notes

Levels and vault maps discovered:
D:1:      roderic_octagonal_star, layout_rooms,
          shapermc_ecumenical_altar_ellora, minmay_cupped
D:2:      layout_basic
D:3:      layout_rooms, slow_altar_2, serial_bayou_lagoon_b
D:4:      layout_rooms, gup_sewer_entry_bubbles, minmay_misc_feat_hallway
D:5:      layout_loops_corners, kiku_gazebo_garden_becter, uniq_pikel
D:6:      layout_basic, grunt_ministairs_2, st_stairs_5, lemuel_flamethrower_2
D:7:      layout_gridville, nicolae_overflow_hidden_temple,
          minmay_temple_entry_glassed_door, enter_bailey_6, grunt_decor_junction
Bailey:   bailey_polearm_2, bailey

Skill      XL: |  1  2  3  4  5  6  7  8  9 |
---------------+----------------------------+-----
Spellcasting   | 1 |  1.0
Conjurations   | 1 2 3 4 5 |  5.4
Fire Magic     | 1 2 3 4 5 |  5.4
Dodging        | 3 4 5 6 |  6.1
Fighting       | 4 5 6 |  6.5
Shields        | 2 3 4 |  4.0
Staves         | |  3.0
Throwing       | |  1.0
Air Magic      | |  0.3

Action                   |  1- 3 |  4- 6 |  7- 9 || total
-------------------------+-------+-------+-------++-------
Melee: Quarterstaff      |    62 |    78 |    56 ||   196
       Constrict         |    14 |    27 |    23 ||    64
       Tentacles         |     9 |    21 |    20 ||    50
       Dagger            |       |    34 |    12 ||    46
       Whip              |       |       |    46 ||    46
       Long sword        |       |       |     8 ||     8
 Cast: Foxfire           |       |     7 |    84 ||    91
       Shock             |       |       |    26 ||    26
Invok: Recite            |       |     1 |     1 ||     2
Evoke: Wand              |       |       |    16 ||    16
  Use: Scroll            |       |     1 |     2 ||     3
       Potion            |       |       |     1 ||     1
 Stab: Sleeping          |    12 |     5 |     2 ||    19
Armor: Skin              |     3 |     4 |     7 ||    14
Dodge: Dodged            |    27 |    58 |    95 ||   180
Block: Buckler           |       |       |    19 ||    19

Table legend: (Time is in decaauts)
 A = Elapsed time spent in this place.
 B = Non-inter-level travel time spent in this place.
 C = Inter-level travel time spent in this place.
 D = Time resting spent in this place.
 E = Time spent auto-exploring this place.
 F = Levels seen in this place.
 G = Mean time per level.
                   A        B        C        D        E       F      G
               +--------+--------+--------+--------+--------+-----+--------+
         Total |   8559 |   8406 |    153 |   2596 |   4042 |   9 |  951.0 |
       Dungeon |   7743 |   7590 |    153 |   2206 |   3820 |   7 | 1106.1 |
         Sewer |    292 |    292 |      0 |     87 |    143 |   1 |  292.0 |
        Bailey |    523 |    523 |      0 |    303 |     79 |   1 |  523.0 |
               +--------+--------+--------+--------+--------+-----+--------+

Top non-repeatable levels by time:
     D:6: 1722 daAuts
     D:1: 1656 daAuts
     D:4: 1347 daAuts
     D:5: 1169 daAuts
     D:3: 978 daAuts
     D:2: 536 daAuts
  Bailey: 523 daAuts
     D:7: 333 daAuts
   Sewer: 292 daAuts
